[Event "Titled Tuesday Blitz November 30 2021"]
[White "Tabatabaei, M. Amin"]
[Black "Sviridov, Valery"]
[WhiteFideId "12521213"]
[BlackFideId "4120680"]
[WhiteElo "2555"]
[BlackElo "2454"]
[Result "0-1"]
[Round "07"]
[TimeControl "180+1"]
[Date "2021.11.30"]
[WhiteClock "0:00:04"]
[BlackClock "0:00:10"]

1. e4 Nf6 2. e5 Nd5 3. d4 d6 4. c4 Nb6 5. exd6 exd6 6. Nf3 Be7 7. Be2 O-O 8. O-O Bf6 9. Nc3 Re8 10. Be3 Nc6 11. h3 Bf5 12. b3 h6 13. Qd2 d5 14. c5 Nc8 15. a3 N8e7 16. b4 a6 17. Rfe1 Be4 18. g4 Ng6 19. Rad1 Qd7 20. Nxe4 dxe4 21. Nh2 Rad8 22. d5 Nce5 23. Qc2 Nh4 24. Bf4 Neg6 25. Bg3 Be5 26. Qb3 Qe7 27. Bf1 Qf6 28. Rxe4 Bf4 29. Rde1 Rxe4 30. Rxe4 b6 31. d6 cxd6 32. cxb6 d5 33. Rxf4 Nxf4 34. b7 g5 35. Qe3 Qd6 36. Qc5 Qb8 37. Bxa6 Nxh3+ 38. Kf1 Nf4 39. Qc8 Qd6 40. Bd3 Qb8 41. Qc6 Qe5 42. Qc1 Qd4 43. Ba6 Qe4 44. Bxf4 gxf4 45. Qc8 Re8 46. f3 Qe1# 0-1


[Site "https://www.chess.com"]

[Event "Titled Tuesday Blitz November 30 2021"]
[White "Arabidze, Meri"]
[Black "Ibarra Jerez, Jose Carlos"]
[WhiteFideId "13604040"]
[BlackFideId "2226332"]
[WhiteElo "2432"]
[BlackElo "2626"]
[Result "0-1"]
[Round "08"]
[TimeControl "180+1"]
[Date "2021.11.30"]
[WhiteClock "0:00:08"]
[BlackClock "0:00:01"]

1. Nf3 d6 2. d4 g6 3. g3 Bg7 4. Bg2 Nd7 5. O-O e5 6. Nc3 Ngf6 7. e4 O-O 8. Re1 b6 9. a4 a5 10. Nb5 Bb7 11. d5 Nc5 12. Nd2 Nfd7 13. Nc4 Ba6 14. Nca3 Nxa4 15. c3 Nac5 16. b4 axb4 17. cxb4 Bxb5 18. bxc5 Nxc5 19. Bg5 Qd7 20. Nxb5 Qxb5 21. Bf1 Qd7 22. Rb1 Ra5 23. Bd2 Ra3 24. Bb5 Qh3 25. Bb4 Ra2 26. Bc4 Rxf2 27. Kxf2 Qxh2+ 28. Kf3 f5 29. Bxc5 f4 30. g4 Qg3+ 31. Ke2 bxc5 32. Kd2 f3 33. Kc2 Qxg4 34. Rb3 Qf4 35. Qd3 g5 36. Kb1 g4 37. Rf1 h5 38. Bb5 h4 39. Bd7 h3 40. Bxg4 Qxg4 41. Rxf3 Qg1+ 42. Ka2 Qg2+ 43. Ka3 Ra8+ 0-1


[Site "https://www.chess.com"]

[Event "Titled Tuesday Blitz November 30 2021"]
[White "Bacrot, Etienne"]
[Black "Deac, Bogdan-Daniel"]
[WhiteFideId "605506"]
[BlackFideId "1226380"]
[WhiteElo "2673"]
[BlackElo "2605"]
[Result "0-1"]
[Round "08"]
[TimeControl "180+1"]
[Date "2021.11.30"]
[WhiteClock "0:00:01"]
[BlackClock "0:00:04"]

1. e4 c5 2. Nf3 d6 3. Bb5+ Nd7 4. c3 Nf6 5. Qe2 a6 6. Ba4 b5 7. Bc2 Bb7 8. O-O e6 9. d4 Be7 10. Rd1 Rc8 11. e5 Nd5 12. exd6 Bxd6 13. Nbd2 c4 14. Ne4 Be7 15. Neg5 Bxg5 16. Nxg5 N7f6 17. Re1 O-O 18. Nf3 b4 19. Bd2 a5 20. Ne5 Qc7 21. Rac1 h6 22. cxb4 Nxb4 23. Bb1 Bd5 24. Qe3 Nd7 25. Nxc4 Bxc4 26. b3 Nb6 27. Bxb4 axb4 28. bxc4 Rfd8 29. d5 exd5 30. cxd5 Qd6 31. Rxc8 Rxc8 32. Qe8+ Qf8 33. Qxf8+ Kxf8 34. Be4 Ra8 35. Re2 Ra3 36. g3 Ra5 37. Rd2 Nc4 38. Rc2 Nd6 39. Bf3 Ra3 40. Kg2 b3 41. Rc3 Rxa2 42. Rxb3 Rd2 43. Rb6 Ke7 44. Ra6 f5 45. h4 g5 46. hxg5 hxg5 47. Kf1 g4 48. Bg2 Rb2 49. Ke1 Rc2 50. Ra7+ Kf6 51. Ra6 Ke5 52. Ra7 Rb2 53. Re7+ Kd4 54. Re6 Rb1+ 55. Kd2 Nc4+ 56. Kc2 Rb2+ 57. Kc1 Rxf2 58. d6 Nb6 59. Bc6 f4 0-1


[Site "https://www.chess.com"]

[Event "Titled Tuesday Blitz November 30 2021"]
[White "Bluebaum, Matthias"]
[Black "Donchenko, Alexander"]
[WhiteFideId "24651516"]
[BlackFideId "24603295"]
[WhiteElo "2681"]
[BlackElo "2490"]
[Result "1-0"]
[Round "08"]
[TimeControl "180+1"]
[Date "2021.11.30"]
[WhiteClock "0:00:06"]
[BlackClock "0:00:27"]

1. d4 d5 2. c4 dxc4 3. e4 b5 4. a4 c6 5. Nc3 Qb6 6. Be3 Qb7 7. Nf3 Nf6 8. Qc2 e6 9. Be2 Nbd7 10. O-O Be7 11. Rad1 O-O 12. e5 Nd5 13. Ng5 g6 14. Bc1 a5 15. h4 Rb8 16. h5 bxa4 17. hxg6 hxg6 18. Nxe6 Qb3 19. Qe4 N7f6 20. exf6 Nxf6 21. Qxc6 Bxe6 22. d5 Rfc8 23. Qa6 Ra8 24. Qxa8 Rxa8 25. dxe6 a3 26. exf7+ Kg7 27. Bf3 Rf8 28. Rd2 Rxf7 29. Bd1 a2 30. Bxb3 cxb3 31. Rd3 a1=Q 32. Bh6+ Kxh6 33. Rxa1 Bb4 34. Nd5 Nxd5 35. Rxd5 Rc7 36. Rd3 Rc2 37. Rxb3 Bc5 38. Rf3 Bb4 39. b3 Rb2 40. g3 Kg5 41. Kg2 Kg4 42. Rd1 Kg5 43. Rd5+ Kh6 44. Rd7 Kg5 45. Rff7 Rxb3 46. Rd5+ Kh6 47. f4 Be1 48. Rdd7 Rxg3+ 49. Kf1 Kh5 50. Kxe1 Kg4 51. Kf2 Rf3+ 52. Ke2 a4 53. Rd6 1-0


[Site "https://www.chess.com"]

[Event "Titled Tuesday Blitz November 30 2021"]
[White "Borsuk, Konstantin"]
[Black "Durarbayli, Vasif"]
[WhiteFideId "14113406"]
[BlackFideId "13402935"]
[WhiteElo "2406"]
[BlackElo "2522"]
[Result "0-1"]
[Round "08"]
[TimeControl "180+1"]
[Date "2021.11.30"]
[WhiteClock "0:00:25"]
[BlackClock "0:00:31"]

1. d4 Nf6 2. c4 e6 3. Nc3 Bb4 4. Qc2 Bxc3+ 5. Qxc3 d6 6. f3 Nbd7 7. e4 e5 8. d5 O-O 9. g4 Nc5 10. h4 Bxg4 11. fxg4 Nfxe4 12. Qe3 f5 13. b4 f4 14. Qh3 Na6 15. a3 c5 16. b5 Qa5+ 17. Ke2 Ng3+ 18. Kd3 Nb4+ 19. axb4 Qxa1 20. Ne2 Nxh1 21. Qxh1 f3 22. bxc5 fxe2 23. Bxe2 Qd4+ 24. Kc2 Rf2 0-1


[Site "https://www.chess.com"]

[Event "Titled Tuesday Blitz November 30 2021"]
[White "Demchenko, Anton"]
[Black "Mitrabha, Guha"]
[WhiteFideId "4160258"]
[BlackFideId "5057000"]
[WhiteElo "2583"]
[BlackElo "2334"]
[Result "0-1"]
[Round "08"]
[TimeControl "180+1"]
[Date "2021.11.30"]
[WhiteClock "0:00:04"]
[BlackClock "0:00:07"]

1. e4 c6 2. d4 d5 3. Nc3 dxe4 4. Nxe4 Nf6 5. Nxf6+ gxf6 6. c3 h5 7. Nf3 h4 8. Bc4 h3 9. g3 Bg4 10. Qb3 e6 11. Be2 Qb6 12. Be3 Nd7 13. Qxb6 axb6 14. Nd2 Bxe2 15. Kxe2 b5 16. Ne4 f5 17. Ng5 Nb6 18. Nf3 Nc4 19. b3 Nb6 20. Bd2 Bg7 21. Rhc1 Kd7 22. Rc2 Ra6 23. Kd3 Bf6 24. Bg5 Bg7 25. Bf4 Nd5 26. Bd2 Ra3 27. Bc1 Ra6 28. a4 bxa4 29. Rxa4 Rxa4 30. bxa4 Ra8 31. Rb2 Kc8 32. c4 Nc7 33. Ra2 Na6 34. Bd2 c5 35. d5 Nb4+ 36. Bxb4 cxb4 37. Kc2 exd5 38. cxd5 Ra5 39. Kb3 Bc3 40. Ng5 f4 41. Kc4 fxg3 42. fxg3 b5+ 43. Kb3 bxa4+ 44. Rxa4 Rxd5 45. Nxh3 Rd2 46. Ra2 Rd1 47. Nf4 Kb7 48. Rf2 Rb1+ 49. Kc4 Kc6 50. Nd5 Be1 51. Rf6+ Kd7 52. Rxf7+ Ke6 53. Re7+ Kd6 54. Re2 Rc1+ 55. Kd4 Rd1+ 56. Kc4 Rc1+ 57. Kd4 b3 58. Ne3 Bc3+ 59. Kd3 Kc5 60. Nd1 Ba1 61. Rd2 Kb4 62. h4 Rc8 63. h5 Rg8 64. h6 Rxg3+ 65. Ke4 Rh3 66. Rd6 Rh1 67. Kf5 Kc5 68. Rd8 Bd4 69. Kg5 Rxd1 70. h7 Rg1+ 71. Kh6 Rh1+ 72. Kg6 b2 73. Rb8 b1=Q+ 74. Rxb1 Rxb1 75. Kf7 Rh1 76. Ke6 Rxh7 0-1


[Site "https://www.chess.com"]

[Event "Titled Tuesday Blitz November 30 2021"]
[White "Erdogdu, Mert"]
[Black "Babazada, Khazar"]
[WhiteFideId "6301495"]
[BlackFideId "13413554"]
[WhiteElo "2485"]
[BlackElo "2302"]
[Result "0-1"]
[Round "08"]
[TimeControl "180+1"]
[Date "2021.11.30"]
[WhiteClock "0:00:39"]
[BlackClock "0:01:29"]

1. e4 Nf6 2. e5 Nd5 3. c4 Nb6 4. d4 d6 5. exd6 cxd6 6. Nc3 g6 7. Be3 Bg7 8. Rc1 O-O 9. b3 Bf5 10. g4 Bd7 11. Bg2 Nc6 12. d5 Ne5 13. h3 f5 14. gxf5 Bxf5 15. Ne4 e6 16. dxe6 d5 17. cxd5 Nxd5 18. Qxd5 Qxd5 19. Nf6+ Rxf6 20. Bxd5 Nd3+ 21. Kd2 Nxc1 22. e7+ Be6 23. Bxe6+ Rxe6 24. Kxc1 Rxe7 25. Nf3 Rc8+ 26. Kb1 Rd7 27. h4 Bf8 28. Ne5 Rd5 29. Ng4 Bg7 30. Re1 a5 31. Bg5 a4 32. Ne3 Rb5 0-1


[Site "https://www.chess.com"]

[Event "Titled Tuesday Blitz November 30 2021"]
[White "Gontcharov, Vladislav"]
[Black "Gasanov, Eldar"]
[WhiteFideId "4123492"]
[BlackFideId "14104466"]
[WhiteElo "2503"]
[BlackElo "2454"]
[Result "0-1"]
[Round "08"]
[TimeControl "180+1"]
[Date "2021.11.30"]
[WhiteClock "0:00:01"]
[BlackClock "0:00:12"]

1. d4 d6 2. e4 g6 3. Nc3 Bg7 4. f4 a6 5. Nf3 b5 6. Bd3 Bb7 7. a4 b4 8. Ne2 Nf6 9. Ng3 e6 10. Qe2 c5 11. dxc5 dxc5 12. e5 Nd5 13. O-O O-O 14. Ne4 Qb6 15. Qf2 c4 16. Bxc4 Qxf2+ 17. Rxf2 Nxf4 18. Nd6 Bxf3 19. Rxf3 Nd5 20. Ne4 Bxe5 21. Bh6 Bg7 22. Bxd5 exd5 23. Nf6+ Kh8 24. Bxg7+ Kxg7 25. Nxd5 Nc6 26. Raf1 Rad8 27. Nf4 Nd4 28. R3f2 Rc8 29. Rc1 Rfd8 30. Nd3 Nxc2 31. Ne5 f6 32. Rfxc2 Rxc2 33. Rxc2 fxe5 34. Rc7+ Kf6 35. Rc6+ Kf5 36. Rxa6 Rd2 37. Rb6 Rxb2 38. a5 Ke4 39. a6 Ke3 40. h4 e4 41. a7 Rb1+ 42. Kh2 Ra1 43. Rb7 h5 44. Kg3 Kd3 45. Rxb4 Rxa7 46. Kf4 Rf7+ 47. Kg5 Rf2 48. Kxg6 Rxg2+ 49. Kxh5 e3 50. Kh6 e2 51. Rb1 Kc2 0-1


[Site "https://www.chess.com"]

[Event "Titled Tuesday Blitz November 30 2021"]
[White "Goryachkina, Aleksandra"]
[Black "Gokerkan, Cem Kaan"]
[WhiteFideId "4147103"]
[BlackFideId "6336760"]
[WhiteElo "2441"]
[BlackElo "2382"]
[Result "0-1"]
[Round "08"]
[TimeControl "180+1"]
[Date "2021.11.30"]
[WhiteClock "0:00:04"]
[BlackClock "0:00:08"]

1. e4 g6 2. d4 Bg7 3. Nc3 d6 4. Be3 a6 5. a4 Nf6 6. Nf3 O-O 7. Qd2 Bg4 8. Be2 Nc6 9. d5 Bxf3 10. gxf3 Nb4 11. h4 c6 12. dxc6 bxc6 13. f4 Qa5 14. Kf1 Rfd8 15. h5 e5 16. hxg6 fxg6 17. f5 d5 18. fxg6 hxg6 19. Bh6 Rd7 20. Bxg7 Rxg7 21. Qg5 Rf8 22. Qxe5 Nxc2 23. Qe6+ Rgf7 24. Rd1 Kg7 25. Rg1 Qc5 26. Qf5 Ng4 0-1


[Site "https://www.chess.com"]

[Event "Titled Tuesday Blitz November 30 2021"]
[White "Iljiushenok, Ilia"]
[Black "Andreikin, Dmitry"]
[WhiteFideId "24105074"]
[BlackFideId "4158814"]
[WhiteElo "2578"]
[BlackElo "2736"]
[Result "1-0"]
[Round "08"]
[TimeControl "180+1"]
[Date "2021.11.30"]
[WhiteClock "0:00:15"]
[BlackClock "0:00:03"]

1. e4 g6 2. d4 Bg7 3. Nc3 c6 4. f4 Qb6 5. Nf3 Nh6 6. h3 O-O 7. Be2 d5 8. e5 Nf5 9. g4 Ng3 10. Rg1 Nxe2 11. Qxe2 f5 12. a3 Na6 13. b3 Nc7 14. Be3 Qa6 15. Qd2 Ne6 16. Ne2 Bd7 17. gxf5 Rxf5 18. Ng3 Raf8 19. Nxf5 Rxf5 20. Rg4 b6 21. Kf2 Qc8 22. Rag1 Qf8 23. Ke1 Qf7 24. Kd1 Nf8 25. Ng5 Qe8 26. Kc1 Bh6 27. Nf3 Qf7 28. Kb2 c5 29. Rh4 Bg7 30. Ng5 Qe8 31. dxc5 Bc6 32. cxb6 d4 33. Qxd4 axb6 34. Qc4+ e6 35. Ne4 b5 36. Qd3 Nd7 37. Nd6 Qe7 38. Nxf5 exf5 39. Bf2 Nxe5 40. fxe5 Bxe5+ 41. Rd4 Be4 42. Qc3 Kg7 43. Rgd1 g5 44. Ka2 Kg6 45. Rxe4 fxe4 46. Qc6+ Bf6 47. Bd4 1-0


[Site "https://www.chess.com"]

[Event "Titled Tuesday Blitz November 30 2021"]
[White "Indjic, Aleksandar"]
[Black "Atakishiyev, Elmar"]
[WhiteFideId "911925"]
[BlackFideId "13410547"]
[WhiteElo "2643"]
[BlackElo "2088"]
[Result "1-0"]
[Round "08"]
[TimeControl "180+1"]
[Date "2021.11.30"]
[WhiteClock "0:00:04"]
[BlackClock "0:00:04"]

1. d4 Nf6 2. c4 b6 3. Nf3 Bb7 4. a3 e6 5. Bf4 Be7 6. Nc3 O-O 7. e3 d5 8. cxd5 Nxd5 9. Nxd5 Bxd5 10. Bd3 c5 11. dxc5 Bxc5 12. Qc2 g6 13. Rd1 Qc8 14. Be4 Nd7 15. O-O Nf6 16. Bxd5 Nxd5 17. Bg3 Nxe3 18. Qe4 Nxf1 19. Rxf1 f6 20. h4 e5 21. h5 Qf5 22. Qc4+ Kh8 23. b4 Be7 24. hxg6 hxg6 25. Nh4 Qg5 26. Qc7 Rae8 27. Rd1 Rf7 28. Rd7 Kg7 29. Nf3 Qf5 30. Qxa7 Qb1+ 31. Kh2 Kf8 32. Bh4 Rh7 33. g3 g5 34. Qxb6 Qf5 35. Qb7 gxh4 36. Nxh4 Qxf2+ 37. Kh3 Qf1+ 38. Kh2 Qe2+ 39. Kh3 e4 40. Qd5 Rg7 41. Qf5 Qf3 42. Nxf3 exf3 43. Qxf3 Kf7 44. Qd5+ Kf8 45. Qf3 Kf7 46. Kg2 Reg8 47. Kf2 Re8 48. Rb7 Rg5 49. Qb3+ Kf8 50. Qf3 Re5 51. a4 Bd6 52. a5 Be7 53. a6 Rd8 54. Kg2 Rd2+ 55. Kh3 Red5 56. a7 R5d3 57. a8=Q+ Kf7 58. Qh5+ Ke6 59. Rxe7+ Kxe7 60. Qae8+ Kd6 61. Qc5# 1-0


[Site "https://www.chess.com"]

[Event "Titled Tuesday Blitz November 30 2021"]
[White "Jobava, Baadur"]
[Black "Acor, Corey"]
[WhiteFideId "13601520"]
[BlackFideId "2024861"]
[WhiteElo "2731"]
[BlackElo "2300"]
[Result "1/2-1/2"]
[Round "08"]
[TimeControl "180+1"]
[Date "2021.11.30"]
[WhiteClock "0:00:24"]
[BlackClock "0:00:11"]

1. e4 e5 2. d4 exd4 3. Nf3 Nc6 4. Nxd4 Bc5 5. Nb3 Bb6 6. Nc3 Nf6 7. a4 a6 8. a5 Ba7 9. Bg5 h6 10. Bh4 g5 11. Bg3 d6 12. Bd3 Bg4 13. f3 Be6 14. Nd2 Ne5 15. Bf2 Bxf2+ 16. Kxf2 d5 17. Re1 d4 18. Na4 Qd6 19. Kg1 Nh5 20. Bf1 g4 21. Ra3 Rg8 22. f4 Nxf4 23. g3 Nfg6 24. Bg2 h5 25. Nb3 Nc4 26. Ra1 O-O-O 27. Nac5 Nge5 28. Qe2 Nxb2 29. Rab1 d3 30. cxd3 Nbxd3 31. Red1 Bxb3 32. Nxb3 Qa3 33. Qe3 Kb8 34. Bf1 Nf3+ 35. Kh1 Nf2+ 36. Qxf2 Rxd1 37. Rxd1 Qxb3 38. Rc1 Rd8 39. Qc5 Rd2 40. Qxc7+ Ka8 41. Qc8+ Ka7 42. Qc5+ Ka8 43. Qf8+ Ka7 44. Qc5+ Ka8 45. Qf8+ Ka7 46. Qc5+ 1/2-1/2


[Site "https://www.chess.com"]

[Event "Titled Tuesday Blitz November 30 2021"]
[White "Kamsky, Gata"]
[Black "Lysyj, Igor"]
[WhiteFideId "2000024"]
[BlackFideId "4150120"]
[WhiteElo "2645"]
[BlackElo "2611"]
[Result "1/2-1/2"]
[Round "08"]
[TimeControl "180+1"]
[Date "2021.11.30"]
[WhiteClock "0:00:44"]
[BlackClock "0:01:33"]

1. e4 e5 2. Nf3 Nc6 3. Bb5 a6 4. Ba4 Nf6 5. O-O Nxe4 6. d4 b5 7. Bb3 d5 8. dxe5 Be6 9. Qe2 Nc5 10. Rd1 Nxb3 11. axb3 Be7 12. c4 b4 13. cxd5 Bxd5 14. Nbd2 O-O 15. Ne4 Qd7 16. Bg5 Rfd8 17. Rd3 Bxg5 18. Nexg5 h6 19. Rad1 hxg5 20. Rxd5 Qxd5 21. Rxd5 Rxd5 22. e6 1/2-1/2


[Site "https://www.chess.com"]

[Event "Titled Tuesday Blitz November 30 2021"]
[White "Kobalia, Mikhail"]
[Black "Petrovskyi, Vadym"]
[WhiteFideId "4119150"]
[BlackFideId "14165210"]
[WhiteElo "2543"]
[BlackElo "2377"]
[Result "1/2-1/2"]
[Round "08"]
[TimeControl "180+1"]
[Date "2021.11.30"]
[WhiteClock "0:00:57"]
[BlackClock "0:01:18"]

1. e4 c5 2. Nf3 d6 3. d4 cxd4 4. Nxd4 Nf6 5. Nc3 a6 6. Be3 e5 7. Nb3 Be6 8. Qd2 Be7 9. O-O-O Nbd7 10. f4 O-O 11. Kb1 b5 12. f5 Bc4 13. Bd3 a5 14. g4 a4 15. g5 axb3 16. gxf6 bxc2+ 17. Qxc2 Nxf6 18. Bxc4 bxc4 19. Rhg1 Kh8 20. Bg5 h6 21. Bxf6 Bxf6 22. Nd5 Bg5 23. Rg2 Qa5 24. Qxc4 Rfc8 25. Qb3 Rcb8 26. Qc4 Rc8 27. Qb3 Rcb8 28. Qc4 Rc8 1/2-1/2


[Site "https://www.chess.com"]

[Event "Titled Tuesday Blitz November 30 2021"]
[White "Koutlas, Nikolaos"]
[Black "Ozen, Bahadir"]
[WhiteFideId "25827138"]
[BlackFideId "6337058"]
[WhiteElo "1525"]
[BlackElo "2503"]
[Result "0-1"]
[Round "08"]
[TimeControl "180+1"]
[Date "2021.11.30"]
[WhiteClock "0:00:03"]
[BlackClock "0:00:21"]

1. e4 c6 2. Nf3 d5 3. Nc3 Bg4 4. h3 Bxf3 5. gxf3 e6 6. d3 Nd7 7. h4 h5 8. Be3 g6 9. Qd2 Bg7 10. d4 Ne7 11. a4 a5 12. Ra3 Nc8 13. Rb3 Ra7 14. Bg5 Qc7 15. Bf4 Qd8 16. Qe3 O-O 17. Kd1 c5 18. Nb5 cxd4 19. Qd2 Nc5 20. Ra3 dxe4 21. Nxa7 Nxa7 22. Kc1 Nc6 23. fxe4 Nxe4 24. Qe1 Nc5 25. Bc4 Qb6 26. Rg1 d3 27. c3 Rd8 28. Bd2 Ne5 29. Bb5 Nf3 30. Qf1 Nxg1 31. Qxg1 Qd6 32. Qg2 Qe5 33. Ra2 Nb3+ 34. Kd1 Nxd2 35. Kxd2 Qe2+ 36. Kc1 Qc2# 0-1


[Site "https://www.chess.com"]

[Event "Titled Tuesday Blitz November 30 2021"]
[White "Kovalev, Vladislav"]
[Black "Harshavardhan G B"]
[WhiteFideId "13504398"]
[BlackFideId "25059009"]
[WhiteElo "2573"]
[BlackElo "1825"]
[Result "1-0"]
[Round "08"]
[TimeControl "180+1"]
[Date "2021.11.30"]
[WhiteClock "0:00:13"]
[BlackClock "0:00:10"]

1. e4 e6 2. d4 d5 3. Nd2 Nf6 4. e5 Nfd7 5. Bd3 c5 6. c3 Nc6 7. Ne2 cxd4 8. cxd4 f6 9. exf6 Nxf6 10. O-O Bd6 11. Nf3 Qc7 12. Bg5 O-O 13. Qc2 h6 14. Bh4 Nh5 15. Bh7+ Kh8 16. Bg6 Rxf3 17. Bxh5 Rf8 18. Bg3 Bd7 19. Rad1 Be8 20. Bg4 Rf6 21. Rfe1 Bg6 22. Qc3 Bf5 23. Bxf5 Rxf5 24. Bxd6 Qxd6 25. Qe3 Raf8 26. f3 e5 27. Ng3 Rg5 28. dxe5 Rxe5 29. Qf2 Rfe8 30. Rxe5 Qxe5 31. Rd2 Qe1+ 32. Qxe1 Rxe1+ 33. Kf2 Ra1 34. a3 Rb1 35. Ne2 d4 36. h4 Kh7 37. h5 a5 38. Kg3 Kg8 39. Kf4 Kf7 40. g4 Kf6 41. Ng3 Rc1 42. Nf5 Rc4 43. Ke4 d3+ 44. Kxd3 Ra4 45. Ke2 Ne5 46. Rd6+ Kg5 47. Nxg7 Kf4 48. Rd4+ Rxd4 49. Ne6+ Kg3 50. Nxd4 a4 51. Ke3 Nc4+ 52. Ke4 Kh4 53. Kf4 Nxb2 54. Nf5+ Kh3 55. Nxh6 Nd3+ 56. Ke3 Nb4 57. Kd2 Nd5 58. Nf7 Kg3 59. h6 Nf6 60. g5 Nh7 61. g6 Ng5 62. Nxg5 1-0


[Site "https://www.chess.com"]

[Event "Titled Tuesday Blitz November 30 2021"]
[White "Leitao, Rafael"]
[Black "Costachi, Mihnea"]
[WhiteFideId "2101246"]
[BlackFideId "1217518"]
[WhiteElo "2609"]
[BlackElo "2482"]
[Result "1/2-1/2"]
[Round "08"]
[TimeControl "180+1"]
[Date "2021.11.30"]
[WhiteClock "0:00:32"]
[BlackClock "0:00:20"]

1. c4 Nf6 2. Nc3 g6 3. e4 d6 4. d4 Bg7 5. Be2 O-O 6. Bg5 Na6 7. Qd2 e5 8. d5 c6 9. Bd1 cxd5 10. cxd5 Nc5 11. Bc2 a5 12. Nge2 a4 13. O-O Qa5 14. f3 b5 15. a3 Bd7 16. Na2 Qxd2 17. Bxd2 Ne8 18. Nb4 f5 19. Nc3 Nf6 20. Rae1 fxe4 21. fxe4 Ng4 22. h3 Bh6 23. Bxh6 Nxh6 24. Rxf8+ Rxf8 25. Rf1 Rc8 26. Bd1 Nf7 27. Be2 Ng5 28. Bxb5 Bxb5 29. Nxb5 Ngxe4 30. Nc6 Rf8 31. Ne7+ Kg7 32. Rxf8 Kxf8 33. Nc8 Nd3 34. Ncxd6 Nxd6 35. Nxd6 Nxb2 36. Kf2 Ke7 37. Nb5 Nc4 38. Ke2 e4 39. Nc3 Nxa3 40. Nxa4 Kd6 41. Nc3 Ke5 42. d6 Kxd6 43. Nxe4+ Ke5 44. Ng5 h5 45. Nf3+ Kf4 46. Kf2 Nc4 47. g3+ Ke4 48. Ng5+ Kf5 49. Nf3 g5 50. g4+ hxg4 51. hxg4+ Kxg4 52. Nxg5 1/2-1/2


[Site "https://www.chess.com"]

[Event "Titled Tuesday Blitz November 30 2021"]
[White "Leiva, Gianmarco"]
[Black "Sanal, Vahap"]
[WhiteFideId "3804399"]
[BlackFideId "6300545"]
[WhiteElo "2318"]
[BlackElo "2499"]
[Result "1-0"]
[Round "08"]
[TimeControl "180+1"]
[Date "2021.11.30"]
[WhiteClock "0:00:16"]
[BlackClock "0:01:29"]

1. e4 e5 2. Nf3 Nf6 3. d4 Nxe4 4. dxe5 d5 5. Bd3 Qd7 6. O-O Nc5 7. Be2 Ne6 8. c3 g6 9. Nd4 c5 10. Nxe6 fxe6 11. c4 d4 12. Nd2 Bg7 13. f4 O-O 14. Ne4 b6 15. Bd3 Bb7 16. Bd2 Nc6 17. Qe2 Ne7 18. g4 Qc6 19. b3 Rad8 20. Rf2 Nf5 21. gxf5 exf5 22. Ng3 h5 23. h4 Rde8 24. Qf1 Kh7 25. Be2 Qd7 26. Bf3 Bxf3 27. Rxf3 Qd8 28. Qh3 d3 29. Bc3 Rf7 30. Rd1 Rd7 31. Nf1 Qa8 32. Rfxd3 Rxd3 33. Qxd3 Bh6 34. Qd7+ Bg7 35. Qd5 Qb8 36. Nh2 Bh6 37. Qf7+ Bg7 38. Rd7 Rg8 39. Nf3 Qa8 40. Ng5+ Kh6 41. e6 1-0


[Site "https://www.chess.com"]

[Event "Titled Tuesday Blitz November 30 2021"]
[White "Madaminov, Mukhiddin"]
[Black "Pour Agha Bala, Amirreza"]
[WhiteFideId "14210703"]
[BlackFideId "12572896"]
[WhiteElo "1855"]
[BlackElo "2313"]
[Result "1/2-1/2"]
[Round "08"]
[TimeControl "180+1"]
[Date "2021.11.30"]
[WhiteClock "0:00:14"]
[BlackClock "0:00:20"]

1. e4 c5 2. Nf3 e6 3. d4 cxd4 4. Nxd4 Nc6 5. Nc3 a6 6. g3 Nge7 7. Nb3 g6 8. Bg2 Bg7 9. O-O O-O 10. Bf4 e5 11. Be3 d6 12. Qd2 Qc7 13. Rad1 Rd8 14. Na4 Bg4 15. Bb6 Qd7 16. Bxd8 Rxd8 17. f3 Be6 18. Qe3 b5 19. Nc3 Nd4 20. Nxd4 exd4 21. Rxd4 Qa7 22. Rfd1 b4 23. Ne2 d5 24. R4d3 d4 25. Nxd4 Nc6 26. c3 Ne5 27. Kf2 Nxd3+ 28. Rxd3 bxc3 29. bxc3 Bc4 30. Rd2 Qc7 31. f4 Qa5 32. e5 Bf8 33. Bf1 Bxa2 34. Kg1 Bc5 35. f5 Bd5 36. e6 fxe6 37. fxg6 hxg6 38. Qg5 Qc7 39. Rf2 Rf8 40. Qxg6+ Qg7 41. Qxg7+ Kxg7 42. Rxf8 Kxf8 43. Kf2 e5 44. Bxa6 exd4 45. cxd4 Bxd4+ 46. Kf1 Kg7 47. Bc8 Kf6 48. Bh3 Ke5 49. Bg2 Bc4+ 50. Ke1 Bc5 51. Bf3 Kd4 52. Kf2 Kd3+ 53. Kg2 Ke3 54. Ba8 Be2 55. h4 Bg4 56. Bb7 Be7 57. Ba8 Bc5 58. Bb7 Be2 59. Bd5 Kd2 60. Bf3 Bd3 61. g4 Ke3 62. g5 Kf4 63. Bd1 Be3 64. Bf3 Bc2 65. Be2 Be4+ 66. Kh3 Bf5+ 67. Kg2 Be4+ 68. Kh3 Bf2 69. Bh5 Be1 70. g6 Bf5+ 71. Kg2 Bxh4 72. g7 Be6 73. Bg6 Bf6 74. Bh5 Bxg7 75. Bf3 Bd4 76. Ba8 Bf5 77. Kh1 Kg3 78. Bb7 Be3 79. Ba8 Bh7 80. Bb7 Bf5 81. Ba8 Bg4 82. Bb7 Be2 83. Ba8 Ba6 84. Bc6 Bc4 85. Ba8 Kf4 86. Bb7 Bd3 87. Kg2 Bf5 88. Ba8 Bg4 89. Bb7 Bd4 90. Ba8 Bh5 91. Bb7 Kg5 92. Bf3 Bg6 93. Ba8 Be5 94. Bf3 Bf5 95. Ba8 Bf4 96. Bf3 Bd3 97. Ba8 Kf6 98. Bf3 Ke5 99. Ba8 Kd4 100. Bf3 Ke3 101. Ba8 Be2 102. Bb7 Be5 103. Ba8 Bf4 104. Bb7 Be5 105. Ba8 Bf4 1/2-1/2


[Site "https://www.chess.com"]

[Event "Titled Tuesday Blitz November 30 2021"]
[White "Makarian, Rudik"]
[Black "Gusarov, Grigory"]
[WhiteFideId "44105681"]
[BlackFideId "24102172"]
[WhiteElo "2486"]
[BlackElo "2254"]
[Result "1/2-1/2"]
[Round "08"]
[TimeControl "180+1"]
[Date "2021.11.30"]
[WhiteClock "0:00:06"]
[BlackClock "0:00:16"]

1. d4 Nf6 2. c4 e6 3. Nf3 Bb4+ 4. Bd2 Qe7 5. g3 O-O 6. Bg2 d5 7. Qc2 Nc6 8. O-O Bxd2 9. Nbxd2 Rd8 10. e3 e5 11. dxe5 Nxe5 12. Nxe5 Qxe5 13. cxd5 Nxd5 14. Nf3 Qe7 15. Rac1 c6 16. a3 Bg4 17. h3 Bh5 18. e4 Bg6 19. Nh4 Nf6 20. Nxg6 hxg6 21. Rfe1 Qe5 22. Rcd1 g5 23. Qc3 Qxc3 24. bxc3 Rxd1 25. Rxd1 Re8 26. Rd4 c5 27. Ra4 b5 28. Ra5 Nxe4 29. Rxb5 Nxc3 30. Rxc5 Re1+ 31. Kh2 Nb1 32. Rxg5 Nxa3 33. Ra5 Nc4 34. Rxa7 Ne5 35. Ra2 g6 36. f4 Nd3 37. Rd2 Nc5 38. Bd5 Kf8 39. Kg2 Rc1 40. Bf3 Rc3 41. Kf2 Nd3+ 42. Ke2 Nc1+ 43. Kf2 Nd3+ 44. Ke3 Ne5+ 45. Kd4 Rxf3 46. Kxe5 Kg7 47. Rg2 Re3+ 48. Kd4 Re1 49. Kd3 Kf6 50. Re2 Rg1 51. Re3 g5 52. fxg5+ Kxg5 53. Ke2 Rh1 54. h4+ Kg4 55. Kf2 Rh2+ 56. Kg1 Ra2 57. Kf1 f5 58. Re2 Ra3 59. Kf2 Rf3+ 60. Kg2 Rxg3+ 61. Kf1 Kxh4 62. Rf2 Kg4 63. Ra2 f4 64. Ra8 Rb3 65. Kf2 Rb2+ 66. Kf1 Kg3 67. Rg8+ Kf3 68. Kg1 Rb1+ 69. Kh2 Rb7 70. Kg1 Rb2 71. Rg7 Rb1+ 72. Kh2 Kf2 73. Ra7 Rb2 74. Ra1 f3 75. Kh3 Ke2 76. Kg3 f2 77. Kg2 Rd2 78. Rf1 Ke3 79. Ra1 Rc2 80. Ra3+ Ke2 81. Ra1 Rc7 82. Ra2+ Ke1 83. Ra1+ Ke2 84. Ra2+ Ke3 85. Rxf2 Rg7+ 86. Kf1 Ra7 87. Re2+ Kf3 88. Rf2+ Ke3 89. Kg2 Rg7+ 90. Kf1 Rh7 91. Re2+ Kf3 92. Rf2+ Kg3 93. Rg2+ Kf3 94. Rf2+ Ke3 95. Re2+ Kd3 96. Rg2 Rf7+ 97. Ke1 Ke3 98. Re2+ Kd3 99. Rd2+ Ke3 100. Re2+ Kd3 101. Rd2+ Kc3 102. Re2 Rh7 103. Re3+ Kd4 104. Kd2 Rh2+ 105. Re2 Rh3 106. Rg2 Ra3 107. Rg4+ Ke5 108. Rb4 Kd5 109. Rg4 Ke5 110. Rb4 Kd5 111. Rg4 Ke5 1/2-1/2


[Site "https://www.chess.com"]